Map: Prion Terraces

Players

juhyg

  • Race: Zerg Zerg
  • League: Bronze

Chobo - Winner!

  • Race: Terran Terran

VOD

Have the link to the VOD?

Description

Time

  • Played on: Feb. 7, 2016, 3:40 a.m.
  • Length: 4:39
Show
View Real Time Build Order
Export as new Build Order

juhyg Zerg 

Build Orders: Pool Only 

Get SALT Encoding   

  12  0:19  Spawning Pool  
  11  0:22  Drone  
  11  0:27  Drone  
  13  0:35  Overlord  
  13  0:47  Extractor  
  13  0:48  Drone x2  
  14  1:06  Queen  
  16  1:15  Drone x2  
  16  1:17  Drone  
  19  1:28  Drone  
  20  1:47  Metabolic Boost  
  20  1:49  Zergling x4  
  22  2:11  Overlord x2  
  17  2:50  Drone  
  17  2:51  Drone x2, Roach Warren  
  14  3:31  Roach x5  
  20  3:36  Queen  
  14  4:05  Drone x3  
Show
View Real Time Build Order
Export as new Build Order

Chobo Terran - Winner!

Build Orders:  

Get SALT Encoding   

  12  0:01  SCV  
  13  0:13  SCV  
  14  0:18  Supply Depot  
  14  0:25  SCV  
  15  0:40  SCV  
  16  0:43  Barracks  
  16  0:47  Refinery  
  16  0:52  SCV  
  17  1:05  SCV, Barracks  
  18  1:17  SCV  
  19  1:30  Orbital Command  
  19  1:32  Reaper  
  20  1:34  Refinery  
  20  1:42  Supply Depot  
  20  1:53  Reaper  
  21  2:05  SCV  
  21  2:11  Supply Depot  
  22  2:15  Reaper  
  22  2:27  SCV  
  22  2:28  Reaper  
  24  2:47  SCV, Reaper  
  26  3:00  Reaper  
  25  3:18  SCV  
  25  3:22  Factory  
  25  3:25  Reaper  
  26  3:39  Reaper  
  27  3:54  SCV  
  28  3:57  Reaper  
  29  4:03  Command Center  
  29  4:06  SCV  
  29  4:07  Factory Tech Lab  
  29  4:08  Starport  
  30  4:10  Barracks x2  
  30  4:18  SCV  
Tags
 
Add a new tag
Caveats
  • Supply blocks, unpowered buildings, or Contaminate may cause inaccurate times.
  • Supply counts are checked every 10 seconds.